 Dungeon Crawl Stone Soup version 0.31-a0-355-g57cb03d3e8 (webtiles) character file.

Game seed: 3104081893508146428

54 cforsyth the Charlatan (level 3, 0/28 HPs)
             Began as a Gnoll Artificer on July 25, 2023.
             Succumbed to an adder's poison
             ... on level 2 of the Dungeon.
             The game lasted 00:01:37 (1201 turns).

cforsyth the Charlatan (Gnoll Artificer)            Turns: 1201, Time: 00:01:38

Health: 0/28       AC:  3    Str: 11    XL:     3   Next: 91%
Magic:  4/4        EV: 12    Int: 12    God:
Gold:   156        SH:  0    Dex: 12    Spells: 4/4 levels left

rFire   . . .        a - +0 club
rCold   . . .        (no shield)
rNeg    . . .        b - +0 leather armour
rPois   .            (no helmet)
rElec   .            (no cloak)
rCorr   .            (no gloves)
SInv    .            (no boots)
Will    .....        (no amulet)
Stlth   ++           (no ring)
HPRegen 0.24/turn    (no ring)
MPRegen 0.09/turn

%: no passive effects
@: lethally poisoned (0 -> -4)
A: fangs 1, strong nose, distributed training
a: no special abilities


You were on level 2 of the Dungeon.
You visited 1 branch of the dungeon, and saw 2 of its levels.

You collected 156 gold pieces.

Inventory:

Hand Weapons
 a - a +0 club (weapon)
Armour
 b - a +0 leather armour (worn)
Wands
 c - a wand of flame (13) (quivered)
 d - a wand of charming (15)
 e - a wand of iceblast (5)
Scrolls
 h - a scroll of poison {unknown}
 i - a scroll of identify {unknown}
 k - a scroll of enchant armour {unknown}
 l - a scroll of teleportation {unknown}
Potions
 f - a potion of lignification {unknown}
 g - 2 potions of curing {unknown}
 j - a potion of ambrosia {unknown}


   Skills:
 + Level 2.7 Fighting
 + Level 1.0 Short Blades
 + Level 1.0 Long Blades
 + Level 1.0 Axes
 + Level 1.0 Maces & Flails
 + Level 1.0 Polearms
 + Level 1.0 Staves
 + Level 1.0 Ranged Weapons
 + Level 1.0 Throwing
 + Level 4.6 Armour
 + Level 2.7 Dodging
 + Level 2.5 Stealth
 + Level 1.0 Shields
 + Level 1.0 Unarmed Combat
 + Level 1.0 Spellcasting
 + Level 0.7 Conjurations
 + Level 0.7 Hexes
 + Level 0.7 Summonings
 + Level 0.7 Necromancy
 + Level 0.7 Translocations
 + Level 0.7 Transmutations
 + Level 0.7 Fire Magic
 + Level 0.7 Ice Magic
 + Level 0.7 Air Magic
 + Level 0.7 Earth Magic
 + Level 0.7 Poison Magic
 + Level 1.1 Invocations
 + Level 6.5 Evocations
 + Level 0.7 Shapeshifting


You had 4 spell levels left.
You didn't know any spells.
Your spell library was empty.

Dungeon Overview and Level Annotations

Branches:
Dungeon (2/15)

Altars:

Shops:
D:2 (


Innate Abilities, Weirdness & Mutations

You have very sharp teeth.
Your uncanny sense of smell can sniff out nearby items.
Your experience applies equally to all skills.


Message History

The puff of flame hits the adder!
The adder is almost dead.
The adder bites you.
You closely miss the adder.
The adder is almost dead.
The adder bites you. The adder closely misses you.
Unknown command.
You hit the adder.
The adder is almost dead.
The adder bites you. The goblin barely misses you.
You closely miss the adder. Your punch misses the adder.
The adder is almost dead.
The adder bites you.
* * * LOW HITPOINT WARNING * * *
You are poisoned.
The adder poisons you! The goblin hits you with a +0 club.
* * * LOW HITPOINT WARNING * * *
The adder bites you but does no damage.
Aiming: Throw Flame
Press: ? - help, Shift-Dir - straight line, f/p - adder
Aim: an adder (almost dead, 57% to hit)
The puff of flame hits the adder.
You kill the adder!
* * * LOW HITPOINT WARNING * * *
You feel sick. The goblin barely misses you.
Your Short Blades skill increases to level 1!
Your Long Blades skill increases to level 1!
Your Axes skill increases to level 1!
Your Maces & Flails skill increases to level 1!
Your Polearms skill increases to level 1!
Your Staves skill increases to level 1!
Your Ranged Weapons skill increases to level 1!
Your Throwing skill increases to level 1!
Your Shields skill increases to level 1!
Your Unarmed Combat skill increases to level 1!
Your Spellcasting skill increases to level 1!
Unknown command.
The goblin attacks as you move away! The goblin hits you with a +0 club.
* * * LOW HITPOINT WARNING * * *
You die...

.P.†.P..##....# ..
#..P....###...# ...
#.###...# ##..## ....
#.....### #....#
..... #.#####
##.†##.#...... #.
#..###...##.# ..
#.##.....|..#### #.
#####.#..######.....
###.........g.@...###
...........w.######..
..#.........# (.#
##.........# ....
.............## .....
....#######...#...∩..
... ###...)...† ..
#..#..... # ##.# ...#


You could see a worm and a goblin.

Vanquished Creatures
  An adder (D:2)
  5 dart slugs
  A ball python (D:2)
  4 endoplasms (D:1)
  4 giant cockroaches
  3 hobgoblins (D:1)
  2 kobolds
  2 quokkas (D:1)
  3 bats (D:1)
  5 frilled lizards (D:1)
  A goblin (D:1)
  2 rats
33 creatures vanquished.

Notes
Turn   | Place    | Note
-------+----------+-------------------------------------------
     0 | D:1      | cforsyth the Gnoll Artificer began the quest for the Orb.
     0 | D:1      | Reached XP level 1. HP: 17/17 MP: 1/1
   208 | D:1      | Reached XP level 2. HP: 23/23 MP: 2/2
   561 | D:1      | Reached XP level 3. HP: 15/28 MP: 3/3
  1090 | D:2      | Reached skill level 1 in Invocations
  1178 | D:2      | Found Wuma's Weapon Emporium.
  1201 | D:2      | Reached skill level 1 in Short Blades
  1201 | D:2      | Reached skill level 1 in Long Blades
  1201 | D:2      | Reached skill level 1 in Axes
  1201 | D:2      | Reached skill level 1 in Maces & Flails
  1201 | D:2      | Reached skill level 1 in Polearms
  1201 | D:2      | Reached skill level 1 in Staves
  1201 | D:2      | Reached skill level 1 in Ranged Weapons
  1201 | D:2      | Reached skill level 1 in Throwing
  1201 | D:2      | Reached skill level 1 in Shields
  1201 | D:2      | Reached skill level 1 in Unarmed Combat
  1201 | D:2      | Reached skill level 1 in Spellcasting
  1201 | D:2      | HP: 1/28 [goblin/+0 club (2)]
  1201 | D:2      | Succumbed to an adder's poison

Illustrated notes

Levels and vault maps discovered:
D:1:      dpeg_arrival_line_fractal, layout_basic, minmay_box_of_dots
D:2:      layout_rooms, serial_shops, nicolae_shop_bloodbath_and_beyond,
          minmay_gold_behind_fungi, chequers_arboretum

Skill      XL: |  1  2  3 |
---------------+----------+-----
Invocations    | 1 |  1.1
Short Blades   | 1 |  1.0
Long Blades    | 1 |  1.0
Axes           | 1 |  1.0
Maces & Flails | 1 |  1.0
Polearms       | 1 |  1.0
Staves         | 1 |  1.0
Ranged Weapons | 1 |  1.0
Throwing       | 1 |  1.0
Shields        | 1 |  1.0
Unarmed Combat | 1 |  1.0
Spellcasting   | 1 |  1.0
Fighting       | |  2.7
Armour         | |  4.6
Dodging        | |  2.7
Stealth        | |  2.5
Conjurations   | |  0.7
Hexes          | |  0.7
Summonings     | |  0.7
Necromancy     | |  0.7
Translocations | |  0.7
Transmutations | |  0.7
Fire Magic     | |  0.7
Ice Magic      | |  0.7
Air Magic      | |  0.7
Earth Magic    | |  0.7
Poison Magic   | |  0.7
Evocations     | |  6.5
Shapeshifting  | |  0.7

Action                     || total
---------------------------++-------
  Melee: Club              ||   185
         Bite              ||    22
         Punch             ||     6
  Evoke: Wand              ||     2
   Stab: Sleeping          ||     5
 Armour: Leather armour    ||    62
  Dodge: Dodged            ||   156

Table legend: (Time is in decaauts)
 A = Elapsed time spent in this place.
 B = Non-inter-level travel time spent in this place.
 C = Inter-level travel time spent in this place.
 D = Time resting spent in this place.
 E = Time spent auto-exploring this place.
 F = Levels seen in this place.
 G = Mean time per level.
                   A        B        C        D        E       F      G
               +--------+--------+--------+--------+--------+-----+--------+
         Total |   1252 |   1216 |     36 |      0 |    841 |   2 |  626.0 |
       Dungeon |   1252 |   1216 |     36 |      0 |    841 |   2 |  626.0 |
               +--------+--------+--------+--------+--------+-----+--------+

Top non-repeatable levels by time:
     D:1: 1121 daAuts
     D:2: 130 daAuts
